 Dungeon Crawl Stone Soup version 0.29.1-13-g9f3cf754e1 (webtiles) character file.

Game seed: 2481529282550236361

5325 mindfreak the Cleaver (level 10, -3/96 HPs)
             Began as a Minotaur Fighter on Feb 6, 2023.
             Was a Believer of Makhleb.
             Slain by a yak (10 damage)
             ... on level 8 of the Dungeon.
             The game lasted 00:25:37 (6866 turns).

mindfreak the Cleaver (Minotaur Fighter)            Turns: 6866, Time: 00:25:37

Health: -3/96      AC: 13    Str: 36    XL:     10   Next: 38%
Magic:  9/9        EV:  8    Int:  5    God:    Makhleb [**....]
Gold:   368        SH:  5    Dex: 11    Spells: 9/9 levels left

rFire   . . .      SeeInvis .   r - +2 war axe (flame)
rCold   . . .      Faith    .   c - +0 buckler
rNeg    . . .      Spirit   .   R - +0 plate armour
rPois   .          Reflect  .   (helmet restricted)
rElec   .          Harm     .   (no cloak)
rCorr   .          Rampage  .   (no gloves)
Will    .....                   (no boots)
Stlth   ..........              (no amulet)
HPRegen 0.26/turn               P - +6 ring of strength
MPRegen 0.11/turn               B - +6 ring of strength

@: no status effects
A: horns 2, retaliatory headbutt
a: Renounce Religion, Minor Destruction


You were on level 8 of the Dungeon.
You worshipped Makhleb.
Makhleb was pleased with you.
You visited 2 branches of the dungeon, and saw 9 of its levels.
You also visited: Ossuary.

You collected 398 gold pieces.
You spent 30 gold pieces at shops.

Inventory:

Hand Weapons
 r - a +2 war axe of flaming (weapon)
 w - a +2 hand axe of freezing
Missiles
 k - 96 stones (quivered)
 p - 6 boomerangs
 O - a throwing net
Armour
 c - a +0 buckler (worn)
 z - a +1 leather armour of fire resistance
 R - a +0 plate armour (worn)
Magical Staves
 i - a staff of fire
 Q - a staff of air
Jewellery
 e - a ring of flight
 g - a ring of resist corrosion
 m - a ring of magical power
 v - a ring of ice
 x - a ring of ice
 B - a +6 ring of strength (right hand)
 P - a +6 ring of strength (left hand)
Wands
 n - a wand of charming (4)
 D - a wand of light (10)
Scrolls
 l - 11 scrolls of identify
 t - 3 scrolls of amnesia
 u - 2 scrolls of poison {unknown}
 y - 2 scrolls of teleportation {unknown}
 C - a scroll of magic mapping {unknown}
 I - 2 scrolls of blinking {unknown}
 J - a scroll of enchant weapon {unknown}
 K - a scroll of vulnerability {unknown}
Potions
 d - 4 potions of might
 j - a potion of haste
 o - a potion of curing
 q - 2 potions of magic
 s - 2 potions of cancellation
 A - a potion of flight {unknown}
 E - 2 potions of attraction {unknown}
 F - a potion of resistance {unknown}
 G - a potion of heal wounds {unknown}
 L - a potion of invisibility {unknown}


   Skills:
 * Level 11.5 Fighting
 + Level 12.5 Axes
 + Level 8.1 Armour
 - Level 1.7 Dodging
 - Level 5.1 Shields


You had 9 spell levels left.
You didn't know any spells.
Your spell library contained the following spells:

 Spells                   Type           Power      Damage    Failure   Level
 Beastly Appendage        Tmut           0%         N/A       99%         1
 Freeze                   Ice            0%         1d3       99%         1
 Ensorcelled Hibernation  Hex/Ice        0%         N/A       99%         2
 Passwall                 Tmut/Erth      0%         N/A       99%         2
 Wereblood                Tmut           0%         N/A       99%         2
 Frozen Ramparts          Ice            0%         1d1       100%        3
 Gell's Gravitas          Tloc           0%         N/A       100%        3
 Lesser Beckoning         Tloc           0%         N/A       100%        3
 Spider Form              Tmut/Pois      0%         N/A       100%        3
 Swiftness                Air            0%         N/A       100%        3
 Teleport Other           Tloc           0%         N/A       100%        3
 Cause Fear               Hex            0%         N/A       100%        4
 Hailstorm                Conj/Ice       0%         3d3       100%        4
 Summon Lightning Spire   Summ/Air       0%         N/A       100%        4
 Dispersal                Tloc           0%         N/A       100%        6
 Dragon Form              Tmut           0%         N/A       100%        7
 Storm Form               Tmut/Air       0%         N/A       100%        7
 Maxwell's Capacitive Co  Air            0%         ∞         100%        8
 Dragon's Call            Summ           0%         N/A       100%        9


Dungeon Overview and Level Annotations

Branches:
Dungeon (8/15)             Temple (1/1) D:4            Lair (0/5) D:8
Ossuary (visited)

Altars:
Ashenzari
Cheibriados
Dithmenos
Elyvilon
Fedhas
Gozag
Hepliaklqana
Kikubaaqudgha
Makhleb
Okawaru
Qazlal
Sif Muna
Trog
Uskayaw
Vehumet
Wu Jian
Xom
Yredelemnul
Zin
The Shining One

Shops:
D:2 !   D:3 [   D:7 *

Annotations:
Temple 2 transporters


Innate Abilities, Weirdness & Mutations

You have a pair of horns on your head.
You reflexively headbutt those who attack you in melee.


Message History

The death yak snorts and paws the ground.
The death yak gores you but does no damage.
You strike the helpless death yak from behind!
You slice the death yak!! You burn the death yak.
You kill the death yak!
Makhleb accepts your kill.
Your Armour skill increases to level 8!
You slash the yak! You burn the yak.
The yak is heavily wounded.
The yak gores you but does no damage.
You slice the yak!! You burn the yak.
You kill the yak!
Makhleb accepts your kill.
You strike the helpless yak from behind!
You slice the yak!! You burn the yak. You headbutt the yak!
You kill the yak!
Makhleb accepts your kill.
You feel better.
You hit the yak. You burn the yak. You headbutt the yak, but do no damage.
The yak is lightly wounded.
The yak closely misses you.
You barely miss the yak.
The yak is lightly wounded.
The yak gores you!
* * * LOW HITPOINT WARNING * * *
Cleave: r) +2 war axe (flame)
Press: ? - help, Dir - move target, f - yak
Aim: a yak (lightly wounded, about 23% to evade your +2 war axe of flaming)
Okay, then.
Aiming: Bolt of Light
Press: ? - help, Shift-Dir - straight line, f - orc
Aim: an orc, wielding a +0 whip and wearing a +0 leather armour (71% to hit)
The bolt of light misses the yak.
The bolt of light hits the yak!
The yak is moderately wounded.
The yak is blinded.
The bolt of light hits the orc.
You kill the orc!
Makhleb accepts your kill.
You hear a shout!
The yak gores you!
You die...

#...........o.
#...>!....+
#YY.#.....#
#Y..#.....#
#†######### # #Y# .#
#.# ?.#
#.############+#...#
#.........))YY@....#
################...#
..... ####


You could see 2 yaks.

Vanquished Creatures
  2 death yaks (D:8)
  Prince Ribbit (D:5)
  2 yaks (D:8)
  A wyvern (D:6)
  A steam dragon (D:7)
  A water moccasin (D:7)
  Duvessa (D:5)
  2 orc warriors
  3 ice beasts
  2 sky beasts (D:7)
  2 black bears
  An ogre (D:4)
  A centaur (D:6)
  3 phantoms
  A necrophage (D:4)
  A bullfrog (D:7)
  2 scorpions
  4 wights
  Dowan (D:5)
  2 bullfrog zombies (Ossuary)
  3 centaur zombies (Ossuary)
  3 orc priests (D:7)
  A hound (D:5)
  Jessica (D:3)
  Natasha (thrice) (D:3)
  A scorpion zombie (Ossuary)
  4 orc wizards
  An ogre zombie (Ossuary)
  4 adders
  4 gnolls (D:3)
  A shadow imp (D:6)
  2 white imps
  An ufetubus (D:5)
  5 adder zombies (Ossuary)
  4 worms
  A dart slug (D:4)
  23 orcs
  4 bats
  3 endoplasms
  A giant cockroach (D:3)
  11 goblins
  14 hobgoblins
  3 jackals (D:3)
  10 kobolds
  3 quokkas (D:1)
  4 ball pythons
  2 frilled lizards (D:1)
  2 gnoll zombies (Ossuary)
  4 goblin zombies (Ossuary)
  A kobold zombie (D:6)
  5 orc zombies (Ossuary)
  5 rats
168 creatures vanquished.

Vanquished Creatures (collateral kills)
  A death yak (D:8)
  Sigmund (D:6)
  2 orcs (D:8)
4 creatures vanquished.

Grand Total: 172 creatures vanquished

Notes
Turn   | Place    | Note
-------+----------+-------------------------------------------
     0 | D:1      | mindfreak the Minotaur Fighter began the quest for the Orb.
     0 | D:1      | Reached XP level 1. HP: 19/19 MP: 0/0
    67 | D:1      | Reached XP level 2. HP: 22/26 MP: 1/1
   449 | D:1      | Found a faded altar of an unknown god.
   655 | D:2      | Found a radiant altar of Vehumet.
   660 | D:2      | Reached XP level 3. HP: 33/33 MP: 2/2
   770 | D:2      | You fall into a shaft and drop 1 floor!
   770 | D:3      | Found Vuluolon's Armour Boutique.
   784 | D:3      | Noticed Jessica
   817 | D:3      | Reached skill level 3 in Axes
   893 | D:3      | Reached XP level 4. HP: 12/40 MP: 3/3
  1439 | D:2      | Found Wumuguki's Distillery.
  1446 | D:2      | Bought a potion of curing for 30 gold pieces
  1715 | D:3      | Noticed Natasha
  1725 | D:3      | Killed Natasha
  1726 | D:3      | Reached skill level 4 in Axes
  1729 | D:3      | Reached XP level 5. HP: 18/46 MP: 4/4
  1733 | D:3      | Killed Jessica
  1734 | D:3      | Reached skill level 5 in Armour
  1854 | D:3      | Noticed Natasha
  1859 | D:3      | Killed Natasha
  1860 | D:3      | Reached skill level 5 in Shields
  1863 | D:3      | Noticed Natasha
  1875 | D:3      | Killed Natasha
  1876 | D:3      | Reached skill level 1 in Dodging
  2312 | D:4      | Reached XP level 6. HP: 44/53 MP: 5/5
  2422 | D:4      | Found a staircase to the Ecumenical Temple.
  2438 | Temple   | Entered the Ecumenical Temple
  2438 | Temple   | Found a transporter.
  2438 | Temple   | Found a transporter.
  2440 | Temple   | Found a transporter.
  2440 | Temple   | Found a transporter.
  2452 | Temple   | Became a worshipper of Makhleb the Destroyer
  2549 | D:4      | Reached skill level 5 in Axes
  2646 | D:4      | Reached skill level 5 in Fighting
  2646 | D:4      | Reached XP level 7. HP: 57/61 MP: 6/6
  2686 | D:4      | Reached skill level 6 in Axes
  3002 | D:5      | Entered Level 5 of the Dungeon
  3065 | D:5      | Noticed Prince Ribbit
  3077 | D:5      | Killed Prince Ribbit
  3078 | D:5      | Reached skill level 7 in Axes
  3343 | D:5      | Noticed Duvessa
  3343 | D:5      | Noticed Dowan
  3354 | D:5      | Killed Dowan
  3358 | D:5      | Killed Duvessa
  3359 | D:5      | Reached XP level 8. HP: 15/71 MP: 7/7
  3949 | D:5      | Reached skill level 8 in Axes
  4232 | D:6      | Noticed Sigmund
  4247 | D:6      | Killed Sigmund
  4350 | D:6      | Reached * piety under Makhleb
  4532 | D:6      | Found a sand-covered staircase.
  4539 | Ossuary  | Entered an ossuary
  4557 | Ossuary  | Reached skill level 9 in Axes
  4781 | Ossuary  | Reached ** piety under Makhleb
  4782 | Ossuary  | Reached XP level 9. HP: 79/82 MP: 8/8
  4782 | Ossuary  | Noticed a silent spectre
  5168 | D:6      | Reached skill level 10 in Axes
  5198 | D:6      | Found a bloodstained altar of Trog.
  5970 | D:7      | Reached skill level 10 in Fighting
  6024 | D:7      | Found Ciasurau's General Store.
  6157 | D:7      | Reached skill level 11 in Axes
  6790 | D:8      | Noticed a death yak
  6790 | D:8      | Found a staircase to the Lair.
  6814 | D:8      | Noticed a death yak
  6816 | D:8      | Noticed a death yak
  6818 | D:8      | Killed a death yak
  6840 | D:8      | Killed a death yak
  6841 | D:8      | Reached skill level 12 in Axes
  6841 | D:8      | Reached XP level 10. HP: 44/95 MP: 9/9
  6860 | D:8      | Killed a death yak
  6866 | D:8      | Slain by a yak

Illustrated notes

Levels and vault maps discovered:
D:1:      minmay_arrival_arboretum_small, layout_loops_ring,
          basic_ecumenical_altar
D:2:      layout_basic, basic_altar, serial_shops, nicolae_shop_hallway_plus
D:3:      layout_rooms, serial_shops, nicolae_shop_advertising_works
          [nicolae_subvault_shop_adworks], amcnicky_mini_rare_corridor_liquid,
          uniq_natasha, uniq_jessica
D:4:      minmay_wonky_spiral, layout_basic, temple_fountains
D:5:      layout_gridville, minmay_misc_feat_tiny, uniq_duvessa,
          uniq_prince_ribbit1
D:6:      layout_loops_ring, trog_hazing_becter, cheibrodos_sewer_entry_bend,
          enter_ossuary_3, uniq_sigmund
D:7:      layout_basic, serial_shops, kennysheep_mini_moat
D:8:      layout_basic, mainiacjoe_overflow_catwalk_spiral, dpeg_lair_monsters
Temple:   hellmonk_temple_divided_pantheon

Skill      XL: |  1  2  3  4  5  6  7  8  9 10 |
---------------+-------------------------------+-----
Shields        | 4 5 |  5.1
Armour         | 4 5 6 7 8 |  8.1
Axes           | 3 4 5 7 9 12 | 12.5
Fighting       | 4 5 6 8 11 | 11.5
Dodging        | 1 |  1.7

Action                   |  1- 3 |  4- 6 |  7- 9 | 10-12 || total
-------------------------+-------+-------+-------+-------++-------
Melee: War axe           |    78 |    81 |   211 |    19 ||   389
       Headbutt          |     5 |     9 |    38 |     7 ||    59
Throw: Stone             |       |     1 |       |       ||     1
Evoke: Wand              |       |       |       |     2 ||     2
  Use: Potion            |     2 |     1 |     2 |     1 ||     6
       Scroll            |     2 |       |     5 |     1 ||     8
 Stab: Invisible         |       |       |       |     2 ||     2
Armor: Scale mail        |    43 |    49 |     6 |       ||    98
       Leather armour    |       |       |    56 |       ||    56
       Plate armour      |       |       |     1 |     8 ||     9
Dodge: Dodged            |    43 |    57 |    91 |     2 ||   193
Block: Buckler           |    25 |    21 |    37 |     1 ||    84
